 Dungeon Crawl Stone Soup version 0.22.1-1-ga44c0e5 (webtiles) character file.

18 dohliylev the Vexing (level 2, -2/19 HPs)
             Began as a Vampire Enchanter on Sept 20, 2018.
             Slain by a hobgoblin (4 damage)
             ... on level 1 of the Dungeon.
             The game lasted 00:01:27 (399 turns).

dohliylev the Vexing (Vampire Enchanter)             Turns: 399, Time: 00:01:28

Health: -2/19      AC:  2    Str:  7    XL:     2   Next: 48%
Magic:  0/5        EV: 12    Int: 17    God:
Gold:   39         SH:  0    Dex: 14    Spells: 2/5 levels left

rFire    . . .     SeeInvis +   a - +1 dagger
rCold    . . .     Gourm    .   (no shield)
rNeg     + . .     Faith    .   b - +0 robe
rPois    .         Spirit   .   (no helmet)
rElec    .         Reflect  .   (no cloak)
rCorr    .         Harm     .   (no gloves)
MR       .....                  (no boots)
Stlth    +++.......             (no amulet)
HPRegen  0.06/turn              (no ring)
MPRegen  0.09/turn              (no ring)

@: no status effects
A: fangs 3, see invisible, unbreathing
a: no special abilities


You were on level 1 of the Dungeon.
You were not thirsty.

You visited 1 branch of the dungeon, and saw 1 of its levels.

You collected 39 gold pieces.

Inventory:

Hand Weapons
 a - a +1 dagger (weapon)
Armour
 b - a +0 robe (worn)
Scrolls
 c - 2 scrolls of identify {unknown}
Potions
 d - a potion of blood
 e - a potion of ambrosia {unknown}
 f - a potion of might {unknown}


   Skills:
 + Level 1.2 Short Blades
 - Level 2.1 Dodging
 + Level 5.0 Stealth
 - Level 2.0 Spellcasting
 - Level 5.1 Hexes
 + Level 0.1 Ice Magic


You had 2 spell levels left.
You knew the following spells:

 Your Spells              Type           Power        Failure   Level  Hunger
a - Corona                Hex            ###....      2%          1    #......
b - Ensorcelled Hibernat  Hex/Ice        ##....       10%         2    ###....

Your spell library contained the following spells:

 Spells                   Type           Power        Failure   Level  Hunger
 Confuse                  Hex            ###.....     7%          3    ###....
 Tukima's Dance           Hex            ###.....     7%          3    ###....
 Dazzling Spray           Conj/Hex       ##....       21%         3    ###....


Dungeon Overview and Level Annotations

Branches:
Dungeon (1/15)

Altars:


Innate Abilities, Weirdness & Mutations

You have razor-sharp teeth.
You have supernaturally acute eyesight. (SInv)
You can survive without breathing.


Message History

Confirm with . or Enter, or press ? or * to list all spells.
Aiming: Ensorcelled Hibernation (safe; 10% risk of failure)
Press: ? - help, Shift-Dir - straight line, f - kobold
Aim: a kobold, wielding a whip (chance to defeat MR: 59%)
The kobold looks drowsy...
The hobgoblin hits you.
The helpless kobold fails to defend itself.
You impale the kobold!!
You kill the kobold!
The hobgoblin hits you.
You completely miss the hobgoblin.
The hobgoblin hits you but does no damage.
You hit the hobgoblin but do no damage. The hobgoblin hits you.
* * * LOW HITPOINT WARNING * * *
You hit the hobgoblin.
The hobgoblin is severely wounded.
The hobgoblin closely misses you.
You hit the hobgoblin but do no damage.
The hobgoblin is severely wounded.
The hobgoblin hits you.
You die...

#........# #$.......#
#........# ## #........#
.. #........##+#########
#......(.#..#.#..#...
#....>...#.#.#.#.#.##
#..g@....##.#.#.##.#.
##..).....#.#...#.#.#.
#..'...........#.#....##
####..........#.#.#.....
#.............#...###
#.........#..######
#########.#.## #.#.#
###### #.#.# #.....


You could see a hobgoblin.

Vanquished Creatures
  An ooze (D:1)
  A dart slug (D:1)
  2 giant cockroaches (D:1)
  2 goblins (D:1)
  2 hobgoblins (D:1)
  A bat (D:1)
  A kobold (D:1)
  A rat (D:1)
11 creatures vanquished.

Notes
Turn   | Place    | Note
-------+----------+-------------------------------------------
     0 | D:1      | dohliylev the Vampire Enchanter began the quest for the
                  | Orb.
     0 | D:1      | Reached XP level 1. HP: 13/13 MP: 3/3
    81 | D:1      | Reached skill level 5 in Hexes
   132 | D:1      | Reached XP level 2. HP: 14/19 MP: 5/5
   152 | D:1      | Learned a level 2 spell: Ensorcelled Hibernation
   365 | D:1      | Reached skill level 5 in Stealth
   399 | D:1      | Slain by a hobgoblin

Skill      XL: |  1  2 |
---------------+-------+-----
Hexes          | 5 |  5.1
Stealth        | 5 |  5.0
Short Blades   | |  1.2
Dodging        | |  2.1
Spellcasting   | |  2.0
Ice Magic      | |  0.1

Action                   || total
-------------------------++-------
Melee: Dagger            ||    39
       Bite              ||     4
 Cast: Corona            ||     1
       Ensorcelled Hiber ||     5
 Stab: Sleeping          ||     7
  Eat: Corpse            ||     2
Armor: Robe              ||     3
Dodge: Dodged            ||    19
